 Dungeon Crawl Stone Soup version 0.28-a0-1567-g1695149f81 (webtiles) character file.

Game seed: 1117836869822654206

341390 grumblor the Severer (level 22, -3/112 (120) HPs)
             Began as a Vine Stalker Fighter on Jan 20, 2022.
             Was a High Priest of Sif Muna.
             Killed from afar by a golden dragon (5 damage)
             ... with a bolt of fire
             ... on level 5 of the Vaults.
             The game lasted 02:13:18 (40161 turns).

grumblor the Severer (Vine Stalker Fighter)        Turns: 40161, Time: 02:13:20

HP:   -3/112 (120)  AC: 26    Str: 42    XL:     22   Next: 34%
MP:   0/42          EV: 17    Int:  8    God:    Sif Muna [*****.]
Gold: 3380          SH: 21    Dex: 18    Spells: 30/30 levels left

rFire   + . .      SeeInvis .   c - +9 war axe (vamp)
rCold   + + .      Faith    .   W - +2 kite shield
rNeg    . . .      Spirit   +   a - +2 plate armour {rC+}
rPois   .          Reflect  +   b - +0 hat of Amorality {Str+10}
rElec   .          Harm     .   F - scarf {rC+ rF+}
rCorr   .          Rampage  ∞   G - +1 pair of gloves "Rumaj" {Str+2 Dex+4 Stlth+}
Will    +++..                   T - +3 pair of seven-league boots {Rampage+∞}
Stlth   ..........              e - amulet of reflection
HPRegen 1.08/turn               n - ring of magical power
MPRegen 0.28/turn               D - +4 ring of evasion

@: silenced, channelling, drained
A: fangs 3, regeneration 1, magic shield, antimagic bite, no potion heal 2,
strong-willed 1
}: 1/15 runes: gossamer
a: Renounce Religion


You were on level 5 of the Vaults.
You worshipped Sif Muna.
Sif Muna was extremely pleased with you.
You visited 7 branches of the dungeon, and saw 35 of its levels.
You also visited: Bailey, Gauntlet and Ice Cave.

You collected 4755 gold pieces.
You spent 1375 gold pieces at shops.

Inventory:

Hand Weapons
 c - a +9 vampiric war axe (weapon)
 l - a +4 war axe of protection
 w - a +3 hand axe of flaming
Missiles
 d - 15 silver javelins (quivered)
 m - 10 boomerangs
 J - a curare-tipped dart
Armour
 a - a +2 plate armour of cold resistance (worn)
 b - the +0 hat of Amorality (worn) {Str+10}
   (You found it on level 2 of the Spider Nest)

   Str:       It affects your strength (+10).
 F - a scarf of resistance (worn)
 G - the +1 pair of gloves "Rumaj" (worn) {Str+2 Dex+4 Stlth+}
   (You found it in a Gauntlet)

   Str:       It affects your strength (+2).
   Dex:       It affects your dexterity (+4).
   Stlth:     It makes you more stealthy.
 T - the +3 pair of seven-league boots (worn) {Rampage+∞}
   (You found it on level 6 of the Lair of Beasts)

   Its wearer moves as far as possible in that direction when moving towards
   enemies.
 W - a +2 kite shield (worn)
Jewellery
 e - an amulet of reflection (around neck)
 n - a ring of magical power (left hand)
 r - the ring "Osuof" {rElec rPois Str+2}
   (You bought it in a shop on level 2 of the Orcish Mines)

   [ring of poison resistance]

   Str:       It affects your strength (+2).
   rElec:     It insulates you from electricity.
   rPois:     It protects you from poison.
 v - the ring of Roiz {rElec rF+ Int+6}
   (You found it on level 14 of the Dungeon)

   [ring of intelligence]

   Int:       It affects your intelligence (+6).
   rF:        It protects you from fire.
   rElec:     It insulates you from electricity.
 z - a ring of positive energy
 B - the ring "Iwucy" {Fly rElec Int+4}
   (You found it in a Gauntlet)

   [ring of flight]

   Int:       It affects your intelligence (+4).
   rElec:     It insulates you from electricity.
   Fly:       It grants you flight.
 D - a +4 ring of evasion (right hand)
 K - a ring of resist corrosion
 Y - the ring "Gesihiph" {rC+ Str+3 SInv}
   (You found it in an ice cave)

   [ring of protection from cold]

   Str:       It affects your strength (+3).
   rC:        It protects you from cold.
   SInv:      It lets you see invisible.
Wands
 t - a wand of mindburst (37)
 x - a wand of paralysis (5)
 I - a wand of iceblast (24)
 R - a wand of digging (12)
 X - a wand of flame (28)
Scrolls
 g - 11 scrolls of teleportation
 o - 5 scrolls of fog
 y - 3 scrolls of magic mapping
 A - 7 scrolls of fear
 O - 2 scrolls of holy word
 P - 2 scrolls of enchant armour
 Z - a scroll of summoning
Potions
 f - a potion of magic
 h - a potion of berserk rage
 i - 8 potions of curing
 p - 6 potions of flight
 s - 6 potions of lignification
 u - 7 potions of mutation
 C - 2 potions of cancellation
 H - a potion of resistance
 L - a potion of invisibility
 N - 2 potions of haste
Miscellaneous
 E - a phantom mirror
 Q - a tin of tremorstones (2/2)
 V - a lightning rod (4/4)


   Skills:
 * Level 14.1 Fighting
 * Level 16.5 Axes
 - Level 4.0 Throwing
 * Level 15.6 Armour
 * Level 8.7 Dodging
 + Level 15.3 Shields
 - Level 4.7 Spellcasting
 * Level 14.5 Invocations
 * Level 8.7 Evocations


You had 30 spell levels left.
You didn't know any spells.
Your spell library contained the following spells:

 Spells                   Type           Power      Damage    Failure   Level
 Apportation              Tloc           2%         N/A       85%         1
 Beastly Appendage        Tmut           2%         N/A       85%         1
 Foxfire                  Conj/Fire      4%         2x1d4     85%         1
 Freeze                   Ice            4%         1d3       85%         1
 Magic Dart               Conj           4%         1d3       85%         1
 Shock                    Conj/Air       4%         1d3       85%         1
 Slow                     Hex            4%         N/A       85%         1
 Sting                    Tmut/Pois      4%         1d3       85%         1
 Blink                    Tloc           2%         N/A       94%         2
 Corpse Rot               Necr/Air       2%         N/A       94%         2
 Ensorcelled Hibernation  Hex/Ice        2%         N/A       94%         2
 Passwall                 Tmut/Erth      0%         N/A       94%         2
 Poisonous Vapours        Pois/Air       2%         N/A       94%         2
 Scorch                   Fire           2%         2d5       94%         2
 Searing Ray              Conj           2%         2d4       94%         2
 Static Discharge         Conj/Air       1%         N/A       94%         2
 Wereblood                Tmut           1%         N/A       94%         2
 Call Canine Familiar     Summ           1%         N/A       99%         3
 Confusing Touch          Hex            1%         N/A       99%         3
 Conjure Flame            Conj/Fire      1%         6-21      99%         3
 Dazzling Flash           Conj/Hex       2%         N/A       99%         3
 Frozen Ramparts          Ice            2%         1d2       99%         3
 Gell's Gravitas          Tloc           1%         N/A       99%         3
 Ignite Poison            Fire/Tmut/Pois 1%         N/A       99%         3
 Inner Flame              Hex/Fire       1%         N/A       99%         3
 Lesser Beckoning         Tloc           1%         N/A       99%         3
 Mephitic Cloud           Conj/Pois/Air  1%         N/A       99%         3
 Ozocubu's Armour         Ice            1%         N/A       99%         3
 Portal Projectile        Hex/Tloc       2%         N/A       99%         3
 Spider Form              Tmut/Pois      1%         N/A       99%         3
 Stone Arrow              Conj/Erth      2%         3d7       99%         3
 Summon Guardian Golem    Hex/Summ       1%         N/A       99%         3
 Swiftness                Air            1%         N/A       99%         3
 Teleport Other           Tloc           1%         N/A       99%         3
 Tukima's Dance           Hex            1%         N/A       99%         3
 Vampiric Draining        Necr           1%         2d6       99%         3
 Airstrike                Air            0%         N/A       100%        4
 Cause Fear               Hex            0%         N/A       100%        4
 Dispel Undead            Necr           1%         3d6       100%        4
 Flame Wave               Conj/Fire      1%         2d4       100%        4
 Fulminant Prism          Conj/Hex       0%         3d6       100%        4
 Hailstorm                Conj/Ice       1%         3d3       100%        4
 Ice Form                 Ice/Tmut       1%         N/A       100%        4
 Iskenderun's Mystic Bla  Conj/Tloc      1%         2d3       100%        4
 Petrify                  Tmut/Erth      1%         N/A       100%        4
 Sticky Flame             Conj/Fire      1%         2d3       100%        4
 Summon Ice Beast         Ice/Summ       1%         N/A       100%        4
 Summon Lightning Spire   Summ/Air       1%         N/A       100%        4
 Agony                    Necr           1%         N/A       100%        5
 Alistair's Intoxication  Tmut/Pois      0%         N/A       100%        5
 Blade Hands              Tmut           0%         N/A       100%        5
 Borgnjor's Vile Clutch   Necr/Erth      0%         N/A       100%        5
 Freezing Cloud           Conj/Ice/Air   0%         6-21      100%        5
 Irradiate                Conj/Tmut      0%         3d13      100%        5
 Iskenderun's Battlesphe  Conj           1%         2d6       100%        5
 Lee's Rapid Deconstruct  Erth           0%         3d5*      100%        5
 Lightning Bolt           Conj/Air       0%         1d11      100%        5
 Manifold Assault         Tloc           1%         N/A       100%        5
 Metabolic Englaciation   Hex/Ice        0%         N/A       100%        5
 Silence                  Hex/Air        0%         N/A       100%        5
 Summon Forest            Summ/Tloc      0%         N/A       100%        5
 Summon Mana Viper        Hex/Summ       1%         N/A       100%        5
 Conjure Ball Lightning   Conj/Air       0%         3x3d6     100%        6
 Death Channel            Necr           0%         N/A       100%        6
 Dispersal                Tloc           0%         N/A       100%        6
 Eringya's Noxious Bog    Tmut/Pois      0%         N/A       100%        6
 Iron Shot                Conj/Erth      0%         9d1       100%        6
 Simulacrum               Ice/Necr       0%         N/A       100%        6
 Statue Form              Tmut/Erth      0%         N/A       100%        6
 Dragon Form              Tmut           0%         N/A       100%        7
 Malign Gateway           Summ/Tloc      0%         N/A       100%        7
 Orb of Destruction       Conj           0%         9d5       100%        7
 Ozocubu's Refrigeration  Ice            0%         4d5       100%        7
 Storm Form               Tmut/Air       0%         N/A       100%        7
 Summon Hydra             Summ           0%         N/A       100%        7
 Discord                  Hex            0%         N/A       100%        8
 Lehudib's Crystal Spear  Conj/Erth      0%         10d2      100%        8
 Summon Horrible Things   Summ           0%         N/A       100%        8
 Chain Lightning          Conj/Air       0%         2d1       100%        9
 Death's Door             Necr           0%         N/A       100%        9
 Fire Storm               Conj/Fire      0%         6d1       100%        9
 Shatter                  Erth           0%         3d5*      100%        9


Dungeon Overview and Level Annotations

Branches:
Dungeon (15/15)            Temple (1/1) D:6            Lair (6/6) D:8
  Swamp (2/4) Lair:3       Spider (4/4) Lair:2        Slime (0/5) Lair:5
    Orc (2/2) D:11            Elf (0/3) Orc:2        Vaults (5/5) D:13
  Crypt (0/3) Vaults:3     Depths (0/4) D:15         Bailey (visited)
  IceCv (visited)         Gauntlet (visited)

Altars:
Dithmenos
Fedhas
Gozag
Makhleb
Nemelex Xobeh
Ru
Sif Muna
Trog
Vehumet
Wu Jian
Xom
Jiyva

Shops:
D:5 *(   D:15 :   Orc:1 :   Orc:2 =***   Vaults:1 ?   Vaults:2 ?   Vaults:3 (
Vaults:4 *?=


Innate Abilities, Weirdness & Mutations

You have razor-sharp teeth.
Your natural rate of healing is unusually fast.
When hurt, damage is shared between your health and your magic reserves.
Your bite disrupts and absorbs the magic of your enemies.
Potions cannot restore your health.
You are strong-willed. (Will+)


Message History

You swap places.
The ghostly golden dragon breathes cold at you.
The bolt of cold hits your deep elf death mage!!!
Your deep elf death mage dies!
Your deep elf death mage's corpse dissolves into shadows!
The bolt of cold hits your ogre mage!!! The bolt of cold hits you! You resist.
* * * LOW HITPOINT WARNING * * *
The bolt of cold hits your two-headed ogre!!!
The tengu reaver casts a spell at you.
The bolt of lightning hits your ogre mage!
Your ogre mage dies!
Your ogre mage's corpse dissolves into shadows!
The bolt of lightning hits you!!
* * * LOW HITPOINT WARNING * * *
The golden dragon bites your vault sentinel!!
The golden dragon closely misses your vault sentinel.
The golden dragon tramples your vault sentinel!
Your vault sentinel holds its ground!
Your vault sentinel hits the torpor snail with a +2 morningstar of draining!
The stone giant barely misses your vault sentinel.
Okay, then.
As you read the scroll of silence, it crumbles to dust.
A profound silence engulfs you.
The ghostly golden dragon bites your ogre!!
The ghostly golden dragon claws your ogre!
Your ogre dies!
Your ogre's corpse dissolves into shadows!
The deep elf death mage hits your two-headed ogre with a +0 long sword!
Your two-headed ogre dies!
Your two-headed ogre's corpse dissolves into shadows!
The golden dragon breathes fire at you.
The bolt of fire hits your vault sentinel!!!
Your vault sentinel dies!
Your vault sentinel's corpse dissolves into shadows!
The bolt of fire hits your vault warden!!!
Your vault warden dies!
Your vault warden's corpse dissolves into shadows!
The bolt of fire hits your vault guard!!!
The bolt of fire hits you! You resist.
You die...

#....# #....# #....#
#.C..# #C*..# #.e..#
###..#....# ##....#p@..#..
#.....#Op..#.#
#.....#O..O#.##
......#....#..##
....QD........
######..pDC...############
.......pwDH...............
.......)D<<....)..........
.......?<[.<..............


You could see a shadow dragon, a golden dragon (catching breath, ally target), a
ghostly golden dragon (catching breath), an ice dragon shaped shifter, a sphinx,
a stone giant, a vault warden (ally target, magic disrupted), a tengu reaver, a
deep elf death mage, 2 ettins, a torpor snail shaped shifter, a vault sentinel
(catching breath), a lost soul (summoned), a friendly ironbound preserver
(summoned), a friendly vault guard (summoned), 2 friendly two-headed ogres and a
friendly ogre (summoned).

Vanquished Creatures
  A dread lich (Vaults:5)
  A bone dragon (Vaults:3)
  A tentacled monstrosity (Vaults:4)
  Rupert (Orc:2)
  3 titans (Vaults:5)
  3 sphinxes
  The ghost of Kaytir the Brawler, an adept TrCA of Ignis (Spider:2)
  Gastronok (Lair:1)
  Frances (D:14)
  Agnes (Lair:2)
  5 tengu reavers
  A storm dragon (Vaults:5)
  2 shadow dragons
  Kirke (Spider:1)
  A fire giant (Vaults:5)
  5 emperor scorpions
  4 frost giants
  8 vault wardens
  An orc warlord (Orc:1)
  4 ghost moths
  3 war gargoyles
  2 stone giants
  2 broodmothers
  8 ironbound thunderhulks
  18 very ugly things
  2 eleionomae (Swamp:1)
  Nessos (Lair:4)
  11 ironbound preservers
  The ghost of Daelid the Impaler, a journeyman MfGl of Yredelemnul (Lair:4)
  38 slime creatures
  The ghost of Archem the Fighter, a journeyman OgTm of Ashenzari (Lair:3)
  2 spark wasps (Spider:4)
  4 dire elephants
  7 entropy weavers
  A minotaur (Gauntlet)
  2 deep elf death magi (Vaults:5)
  2 ettins
  A deep elf high priest (Vaults:5)
  13 yaktaur captains
  16 hydras
  3 great orbs of eyes
  35 vault guards
  4 jorogumos
  2 peacekeepers
  A ghost crab (Swamp:2)
  7 boulder beetles
  7 ironbound frosthearts
  2 death knights
  A radroach (Spider:1)
  15 centaur warriors
  2 ogre magi
  Erica (D:9)
  4 alligators (Swamp:1)
  12 death yaks
  14 two-headed ogres
  4 tengu warriors
  Urug (Orc:2)
  3 orc high priests (Orc:2)
  A hell knight (D:15)
  A glowing orange brain (shapeshifter) (Vaults:2)
  A fire crab (shapeshifter) (Gauntlet)
  7 pharaoh ants
  9 steelbarb worms
  3 goliath frogs (Swamp:1)
  27 deep trolls
  3 glowing orange brains
  11 orb spiders
  A flayed ghost (Vaults:3)
  9 ironbound convokers
  A bog body (Swamp:1)
  A phantasmal warrior (Vaults:4)
  5 harpies
  4 wizards
  6 lindwurms
  28 ugly things
  A necromancer (Vaults:1)
  3 deep elf pyromancers
  A deep elf zephyrmancer (D:10)
  8 orc knights
  2 oklob plants
  5 cyclopes
  34 wolf spiders
  7 orc sorcerers
  A will-o-the-wisp (Swamp:1)
  6 manticores
  4 moths of wrath
  5 elephants (Lair:6)
  A guardian serpent (Lair:6)
  An ice statue (IceCv)
  22 vault sentinels
  6 black mambas
  31 cane toads
  3 gargoyles
  7 torpor snails
  9 demonic crawlers
  11 komodo dragons
  2 unseen horrors
  Maggie (D:8)
  3 efreet
  A human zombie (Vaults:1)
  4 kobold demonologists (D:13)
  8 rime drakes
  31 yaktaurs
  A tengu conjurer (D:15)
  A queen bee (D:8)
  A freezing wraith (D:13)
  12 meliai
  10 polar bears
  6 trolls
  5 tyrant leeches
  25 tarantellas
  Grinder (D:4)
  A deep troll zombie (Vaults:1)
  A slime creature (shapeshifter) (D:13)
  11 hornets
  3 dream sheep (Lair:4)
  26 blink frogs
  30 jumping spiders
  4 shadows
  68 yaks
  3 spriggans (Swamp:1)
  A wyvern (shapeshifter) (D:13)
  9 wraiths
  4 vampires
  10 culicivoras
  6 wyverns
  5 basilisks
  2 steam dragons
  2 fire elementals (Gauntlet)
  6 hogs
  19 vampire mosquitoes
  A death yak simulacrum (Orc:1)
  40 redbacks
  Edmund (D:4)
  A swamp worm (Swamp:1)
  A two-headed ogre zombie (D:9)
  An acid dragon (D:12)
  5 wargs (Orc:2)
  22 water moccasins
  2 hell hounds (Gauntlet)
  29 orc warriors
  2 ice beasts
  3 sky beasts
  4 black bears
  2 necrophages (D:6)
  4 boggarts (D:14)
  24 wolves
  27 ogres
  17 centaurs
  A human skeleton (Vaults:1)
  3 phantoms
  3 kobold brigands
  19 bullfrogs
  7 gnoll sergeants
  A wyvern zombie (D:6)
  8 scorpions
  2 troll zombies (D:11)
  12 killer bees (D:8)
  10 wights
  An elephant simulacrum (Orc:1)
  6 howler monkeys
  8 vampire bats (Bailey)
  7 electric eels
  8 wolf zombies (Bailey)
  A crimson imp (D:7)
  2 centaur zombies (D:6)
  2 lava snakes (Lair:3)
  3 bullfrog zombies (D:6)
  3 hounds
  2 jellies (Gauntlet)
  12 orc priests
  2 bullfrog skeletons
  2 gnoll shamans (D:6)
  35 orc wizards
  2 iguanas
  A polar bear simulacrum (Orc:1)
  2 spriggan simulacra (Orc:1)
  A killer bee zombie (D:5)
  6 ogre zombies (D:11)
  Robin (D:4)
  A hound skeleton (D:5)
  2 howler monkey zombies (D:6)
  12 gnolls
  2 howler monkey skeletons (D:6)
  3 naga simulacra (Orc:1)
  9 adders
  2 shadow imps
  A white imp (D:8)
  An adder skeleton (D:4)
  2 worms
  5 dart slugs
  72 orcs
  5 endoplasms
  2 giant cockroaches
  10 goblins
  6 hobgoblins
  8 jackals
  15 kobolds
  3 quokkas
  7 ball pythons
  13 bats
  A frilled lizard (D:3)
  3 goblin skeletons (D:11)
  4 goblin zombies (D:11)
  4 hobgoblin zombies (D:11)
  4 orc skeletons (D:11)
  27 orc zombies
  6 rats
1497 creatures vanquished.

Vanquished Creatures (others)
  Asterion (Spider:1)
  An ironbound preserver (Vaults:4)
  A wizard (Vaults:4)
  2 bloated husks (Swamp:1)
  A wyvern (Lair:4)
  A human (Spider:2)
  A swamp worm (Swamp:1)
  An orc wizard (D:11)
  6 foxfires (Swamp:1)
  30 fungi
  118 plants
  13 withered plants
176 creatures vanquished.

Grand Total: 1673 creatures vanquished

Notes
Turn   | Place    | Note
-------+----------+-------------------------------------------
     0 | D:1      | grumblor the Vine Stalker Fighter began the quest for the
                  | Orb.
     0 | D:1      | Reached XP level 1. HP: 11/11 MP: 2/2
   187 | D:1      | Reached XP level 2. HP: 16/16 MP: 3/3
   685 | D:1      | Reached skill level 2 in Axes
   870 | D:2      | Reached XP level 3. HP: 10/19 MP: 3/5
  1754 | D:2      | Reached skill level 1 in Spellcasting
  1962 | D:2      | Found a faded altar of an unknown god.
  2010 | D:3      | Reached skill level 1 in Dodging
  2010 | D:3      | Gained mutation: Your natural rate of healing is unusually
                  | fast. [Vine Stalker growth]
  2010 | D:3      | Reached XP level 4. HP: 21/24 MP: 4/6
  2160 | D:3      | Noticed an ogre
  2165 | D:3      | Killed an ogre
  2166 | D:3      | Reached XP level 5. HP: 28/28 MP: 6/8
  2172 | D:3      | Identified the +3 quarterstaff "Opuseff" {protect, Stlth+}
  2465 | D:3      | Found a bloodstained altar of Trog.
  2569 | D:3      | Reached skill level 3 in Axes
  2569 | D:3      | Reached XP level 6. HP: 9/32 MP: 3/9
  2988 | D:4      | Noticed Grinder
  2999 | D:4      | Paralysed by Grinder for 3 turns
  3003 | D:4      | Killed Grinder
  3004 | D:4      | Reached skill level 4 in Axes
  3004 | D:4      | Reached XP level 7. HP: 36/36 MP: 11/11
  3093 | D:4      | Noticed Robin
  3096 | D:4      | Killed Robin
  3308 | D:4      | Noticed Edmund
  3319 | D:4      | Killed Edmund
  3554 | D:5      | Entered Level 5 of the Dungeon
  3597 | D:5      | Gained mutation: You have razor-sharp teeth. [Vine Stalker
                  | growth]
  3597 | D:5      | Reached XP level 8. HP: 41/41 MP: 11/13
  3605 | D:5      | Reached skill level 1 in Evocations
  3659 | D:5      | Identified a scroll of acquirement
  3659 | D:5      | Acquired 850 gold pieces
  3809 | D:5      | Found Niasaw's Needful Niceties.
  3867 | D:5      | Found Jagug's Antique Weapon Shop.
  3888 | D:5      | Reached skill level 5 in Axes
  3892 | D:5      | Reached skill level 1 in Throwing
  3913 | D:5      | Found an ornate altar of the Wu Jian Council.
  3913 | D:5      | Found an opulent altar of Gozag.
  4291 | D:6      | Reached XP level 9. HP: 43/45 MP: 13/15
  4383 | D:6      | Reached skill level 6 in Axes
  4834 | D:6      | Found a staircase to the Ecumenical Temple.
  4925 | Temple   | Entered the Ecumenical Temple
  4958 | Temple   | Became a worshipper of Sif Muna the Loreminder
  4990 | D:6      | Reached skill level 7 in Axes
  5339 | D:7      | Reached skill level 1 in Invocations
  5604 | D:7      | Reached XP level 10. HP: 47/50 MP: 15/18
  5682 | D:7      | Reached * piety under Sif Muna
  5730 | D:7      | Found a burning altar of Makhleb.
  5731 | D:7      | Found a radiant altar of Vehumet.
  6387 | D:8      | Noticed Maggie
  6400 | D:8      | Killed Maggie
  6401 | D:8      | Reached skill level 5 in Shields
  6628 | D:8      | Noticed a red ugly thing
  6628 | D:8      | Noticed a manticore
  6628 | D:8      | Noticed a tengu warrior
  6628 | D:8      | Noticed a cyclops
  6628 | D:8      | Noticed a tengu warrior
  6641 | D:8      | Killed a red ugly thing
  6646 | D:8      | Killed a tengu warrior
  6647 | D:8      | Reached skill level 5 in Armour
  6655 | D:8      | Killed a cyclops
  6656 | D:8      | Reached skill level 5 in Fighting
  6677 | D:8      | Reached skill level 8 in Axes
  6683 | D:8      | Reached XP level 11. HP: 17/55 MP: 19/19
  6686 | D:8      | Killed a tengu warrior
  6795 | D:8      | Killed a manticore
  6807 | D:8      | Identified the +4 whip "Rutathraizu" {elec, rElec}
  6945 | D:8      | Found a staircase to the Lair.
  6969 | D:8      | Found a shimmering altar of Xom.
  7232 | D:8      | Reached skill level 5 in Evocations
  7415 | D:8      | Reached ** piety under Sif Muna
  7772 | D:9      | Noticed a centaur warrior
  7796 | D:9      | Killed a centaur warrior
  8008 | D:9      | Noticed Erica
  8015 | D:9      | Killed Erica
  8236 | D:9      | Reached skill level 5 in Invocations
  8390 | D:9      | Noticed a two-headed ogre
  8401 | D:9      | Killed a two-headed ogre
  8461 | D:9      | Noticed a two-headed ogre
  8466 | D:9      | Reached XP level 12. HP: 38/62 MP: 17/20
  8469 | D:9      | Killed a two-headed ogre
  8528 | D:9      | Noticed a two-headed ogre
  8531 | D:9      | Noticed a two-headed ogre
  8539 | D:9      | Killed a two-headed ogre
  8540 | D:9      | Reached skill level 9 in Axes
  8577 | D:9      | Killed a two-headed ogre
  8870 | D:9      | Noticed a two-headed ogre
  8877 | D:9      | Killed a two-headed ogre
  8877 | D:9      | Reached *** piety under Sif Muna
  8882 | D:9      | Identified the +12 morningstar "Ibbamp" {protect, rF+ Str+3
                  | Int-4 Stlth+}
  8882 | D:9      | Noticed an ogre mage
  8884 | D:9      | Noticed a two-headed ogre
  8891 | D:9      | Killed an ogre mage
  8892 | D:9      | Killed a two-headed ogre
  9079 | D:9      | You fall into a shaft and drop 3 floors!
  9225 | D:10     | Entered Level 10 of the Dungeon
  9462 | D:10     | Found a flagged portal.
  9495 | Bailey   | Entered a bailey
  9762 | Bailey   | Reached **** piety under Sif Muna
 10103 | D:10     | Noticed a tengu warrior
 10103 | D:10     | Noticed a six-headed hydra
 10103 | D:10     | Noticed a centaur warrior
 10108 | D:10     | Killed a tengu warrior
 10110 | D:10     | Reached XP level 13. HP: 45/67 MP: 21/21
 10126 | D:10     | Noticed a yaktaur captain
 10136 | D:10     | Killed a yaktaur captain
 10610 | Lair:1   | Entered Level 1 of the Lair of Beasts
 10988 | Lair:1   | Reached ***** piety under Sif Muna
 11000 | Lair:1   | Noticed Gastronok
 11010 | Lair:1   | Killed Gastronok
 11355 | Lair:2   | Found a blossoming altar of Fedhas.
 11485 | Lair:2   | Found a hole to the Spider Nest.
 11947 | Lair:2   | Received a gift from Sif Muna
 12581 | Lair:3   | Found a staircase to the Swamp.
 12593 | Lair:3   | Reached XP level 14. HP: 67/73 MP: 22/22
 13286 | Lair:3   | Found a runed translucent door.
 13287 | Lair:3   | Noticed Archem's ghost (journeyman OgTm)
 13307 | Lair:3   | Killed Archem's ghost
 13468 | Lair:4   | Found a runed translucent door.
 13486 | Lair:4   | Noticed Nessos
 13494 | Lair:4   | Killed Nessos
 13685 | Lair:4   | Reached skill level 10 in Shields
 14335 | Lair:4   | Received a gift from Sif Muna
 14336 | Lair:4   | Got Sif Muna's Incunabulum of Freezing Stones {god gift}
 14411 | Lair:4   | Reached skill level 10 in Armour
 15062 | Lair:4   | Noticed Daelid's ghost (journeyman MfGl)
 15081 | Lair:4   | Killed Daelid's ghost
 15486 | Lair:5   | Found a viscous altar of Jiyva.
 15494 | Lair:5   | Found a staircase to the Slime Pits.
 16110 | Lair:6   | Entered Level 6 of the Lair of Beasts
 16369 | Lair:5   | Reached XP level 15. HP: 42/79 MP: 23/23
 17078 | Lair:6   | Received a gift from Sif Muna
 17085 | Lair:6   | Got Sif Muna's Catalogue of the Freezing Rocks {god gift}
 17120 | Lair:6   | Found the +3 pair of seven-league boots {Rampage+∞}
 17320 | Lair:6   | Reached skill level 10 in Axes
 17706 | Lair:6   | Identified the +0 robe of the Jackalope {rElec rPois
                  | Archmagi}
 17710 | Lair:6   | Got Vaekiming's Volume of Glacial Flight
 17717 | Lair:6   | Identified the +10 scimitar of the Bespelling Shrike
                  | {drain, rC+}
 18074 | D:11     | Found a staircase to the Orcish Mines.
 18501 | D:11     | Reached skill level 10 in Fighting
 19292 | D:13     | Received a gift from Sif Muna
 19321 | D:13     | Got Sif Muna's Incunabulum of Displaced Lightness {god
                  | gift}
 19382 | D:13     | Reached skill level 10 in Invocations
 19397 | D:13     | Reached XP level 16. HP: 80/85 MP: 24/24
 19488 | D:13     | Found a gate to the Vaults.
 19902 | D:13     | Found a shadowy altar of Dithmenos.
 20073 | Orc:1    | Entered Level 1 of the Orcish Mines
 20112 | Orc:1    | Found a frozen archway.
 20350 | Orc:1    | Found Poecean's Book Boutique.
 20355 | IceCv    | Entered an ice cave
 20468 | IceCv    | Identified the ring "Gesihiph" {rC+ Str+3 SInv}
 20566 | IceCv    | Received a gift from Sif Muna
 20576 | IceCv    | Got Sif Muna's Volume of Hexes and Battle Magic {god gift}
 20833 | IceCv    | Identified the +0 robe of Resourcefulness {Int+2}
 21585 | Orc:2    | Entered Level 2 of the Orcish Mines
 21585 | Orc:2    | Noticed Rupert
 21601 | Orc:2    | Killed Rupert
 22068 | Orc:2    | Reached ****** piety under Sif Muna
 22136 | Orc:2    | Received a gift from Sif Muna
 22139 | Orc:2    | Got Sif Muna's Volume of the Jolly Stars {god gift}
 22167 | Orc:2    | Noticed Urug
 22174 | Orc:2    | Killed Urug
 22260 | Orc:2    | Found a staircase to the Elven Halls.
 22479 | Orc:2    | Reached skill level 11 in Axes
 22550 | Orc:2    | Found Ivulu's Jewellery Shop.
 22550 | Orc:2    | Found Wukov's General Store.
 22552 | Orc:2    | Found Omoddim's General Store.
 22552 | Orc:2    | Found Tonguc's General Store.
 22563 | Orc:2    | Bought the ring "Osuof" {rElec rPois Str+2} for 573 gold
                  | pieces
 22564 | Orc:2    | Bought a scroll of fear for 38 gold pieces
 22694 | D:14     | Noticed Frances
 22714 | D:14     | Killed Frances
 22763 | D:14     | Identified the ring of Roiz {rElec rF+ Int+6}
 22797 | D:14     | Acquired 423 gold pieces
 23282 | D:15     | Entered Level 15 of the Dungeon
 23621 | D:15     | Found a staircase to the Depths.
 23639 | D:15     | Reached XP level 17. HP: 88/91 MP: 26/26
 23646 | D:15     | Reached skill level 5 in Dodging
 23676 | D:15     | Found Segyuskame's Book Shoppe.
 23699 | D:15     | Found a gate leading to a gauntlet.
 23729 | Gauntlet | Entered a Gauntlet
 23729 | Gauntlet | Found a transporter.
 23736 | Gauntlet | Found a transporter.
 23738 | Gauntlet | Found a transporter.
 23743 | Gauntlet | Found a runed translucent door.
 23743 | Gauntlet | Found a runed translucent door.
 23748 | Gauntlet | Found a transporter.
 23751 | Gauntlet | Found a transporter.
 23759 | Gauntlet | Found a transporter.
 23774 | Gauntlet | Found a transporter.
 23778 | Gauntlet | Found a runed translucent door.
 23786 | Gauntlet | Found a transporter.
 23796 | Gauntlet | Found a transporter.
 23810 | Gauntlet | Found a transporter.
 23825 | Gauntlet | Found a transporter.
 23826 | Gauntlet | Found a transporter.
 23871 | Gauntlet | Found a transporter.
 23891 | Gauntlet | Found a transporter.
 23895 | Gauntlet | Found the necklace of Bloodlust {*Rage Will++ Int-3 Slay+6}
 24052 | Gauntlet | Identified the ring "Iwucy" {Fly rElec Int+4}
 24088 | Gauntlet | Identified the +1 pair of gloves "Rumaj" {Str+2 Dex+4
                  | Stlth+}
 24750 | Swamp:1  | Entered Level 1 of the Swamp
 24757 | Swamp:1  | Received a gift from Sif Muna
 24873 | Swamp:1  | Reached skill level 12 in Axes
 25594 | Spider:1 | Entered Level 1 of the Spider Nest
 25631 | Spider:1 | Noticed Agnes
 25661 | Lair:2   | Killed Agnes
 26217 | Spider:1 | Received a gift from Sif Muna
 26218 | Spider:1 | Got Sif Muna's Tome of Enchanting Creation {god gift}
 26493 | Spider:2 | Noticed Kirke
 26521 | Spider:1 | Killed Kirke
 27905 | Spider:2 | Found a runed translucent gate.
 27905 | Spider:2 | Found a runed translucent gate.
 27906 | Spider:2 | Found a runed translucent gate.
 27909 | Spider:2 | Noticed Kaytir's ghost (adept TrCA)
 27918 | Spider:2 | Identified the +1 ring mail of the Furies {Drain rElec
                  | Regen+}
 27931 | Spider:2 | You fall into a shaft and drop 1 floor!
 28242 | Spider:2 | Reached XP level 18. HP: 56/96 MP: 17/27
 28262 | Spider:2 | Noticed Asterion
 28777 | Spider:1 | HP: 4/87 [broodmother (8)]
 28791 | Spider:1 | HP: 2/87 [poisoned by a redback]
 29040 | Spider:1 | Killed Asterion
 29754 | Spider:2 | Killed Kaytir's ghost
 29774 | Spider:2 | Identified the +0 hat of Amorality {Str+10}
 29780 | Spider:2 | Reached skill level 13 in Axes
 29780 | Spider:2 | Reached XP level 19. HP: 100/100 MP: 28/29
 29873 | Spider:3 | Received a gift from Sif Muna
 29878 | Spider:3 | Got Lerhepti's Guide on Twisted Transformation {god gift}
 29911 | Spider:3 | Identified the -6 cloak of Beogh {rC+ Str+4}
 30191 | Spider:4 | Entered Level 4 of the Spider Nest
 32261 | Spider:4 | Received a gift from Sif Muna
 32264 | Spider:4 | Got Wapnolesm's Handbook of the Hidden Servitors {god gift}
 33111 | Spider:4 | Got a gossamer rune of Zot
 33418 | Vaults:1 | Entered Level 1 of the Vaults
 33493 | Vaults:1 | Reached XP level 20. HP: 107/107 MP: 30/30
 33667 | Vaults:1 | Found Itaez's Magic Scroll Emporium.
 33737 | Vaults:1 | Reached skill level 14 in Axes
 33765 | Vaults:1 | Bought a scroll of teleportation for 51 gold pieces
 33765 | Vaults:1 | Bought a scroll of teleportation for 51 gold pieces
 33765 | Vaults:1 | Bought a scroll of enchant weapon for 127 gold pieces
 34113 | Vaults:1 | Received a gift from Sif Muna
 34114 | Vaults:1 | Got Sif Muna's Volume of Beguiling {god gift}
 34706 | Vaults:1 | HP: 5/107 [vault guard[a vault warden] (9)]
 35475 | Vaults:2 | Found Dedetuan's Magic Scroll Emporium.
 35483 | Vaults:2 | Bought a scroll of holy word for 127 gold pieces
 35483 | Vaults:2 | Bought a scroll of enchant weapon for 127 gold pieces
 35483 | Vaults:2 | Bought a scroll of teleportation for 51 gold pieces
 35499 | Vaults:2 | Identified the +9 whip of Huss {antimagic, Contam *Corrode
                  | +Blink rElec}
 35612 | Vaults:2 | Gained mutation: You are strong-willed. (Will+) [a shining
                  | eye]
 35957 | Vaults:2 | Received a gift from Sif Muna
 35958 | Vaults:2 | Got Sif Muna's Disquisition on Icy Displacement {god gift}
 36403 | Vaults:3 | Noticed a bone dragon
 36405 | Vaults:3 | Found a staircase to the Crypt.
 36416 | Vaults:3 | Killed a bone dragon
 36442 | Vaults:3 | Found Peerufax's Weapon Boutique.
 36497 | Vaults:3 | Reached skill level 15 in Axes
 36797 | Vaults:3 | Reached XP level 21. HP: 105/112 MP: 32/32
 36993 | Vaults:3 | Reached skill level 15 in Armour
 37711 | Vaults:4 | Received a gift from Sif Muna
 37744 | Vaults:4 | Got Sif Muna's Hermeneutics in Simple Steps {god gift}
 37816 | Vaults:4 | Reached skill level 15 in Shields
 38388 | Vaults:4 | Reached skill level 16 in Axes
 38514 | Vaults:4 | Found Suhuurill's Jewellery Shop.
 38539 | Vaults:4 | Found Isuido's Magic Scroll Shop.
 38551 | Vaults:4 | Found Odishopn's Assorted Antiques.
 38559 | Vaults:4 | Bought a scroll of fear for 115 gold pieces
 38559 | Vaults:4 | Bought a scroll of fear for 115 gold pieces
 39044 | Vaults:5 | Entered Level 5 of the Vaults
 39068 | Vaults:5 | Received a gift from Sif Muna
 39074 | Vaults:5 | Reached XP level 22. HP: 74/119 MP: 5/33
 39109 | Vaults:5 | Got Sif Muna's Reference Book on Burning Combat Magic {god
                  | gift}
 39167 | Vaults:5 | Noticed a golden dragon
 40053 | Vaults:5 | Noticed a dread lich
 40061 | Vaults:5 | Killed a dread lich
 40069 | Vaults:5 | Noticed a golden dragon
 40149 | Vaults:5 | Killed a golden dragon
 40160 | Vaults:5 | HP: 1/112 [tengu reaver/bolt of lightning (8)]
 40161 | Vaults:5 | Killed from afar by a golden dragon

Illustrated notes

Levels and vault maps discovered:
D:1:      ncdulo_lavacross, layout_rooms
D:2:      layout_basic, chequers_ecumenical_altar_lobes
D:3:      layout_loops_cross, mainiacjoe_overflow_catwalk, roderic_lattice_a,
          minmay_distorted
D:4:      layout_loops_cross, uniq_edmund, uniq_grinder, uniq_robin
D:5:      old_forge, layout_rooms, gammafunk_temple_overflow_wave, serial_shops,
          nicolae_shop_trees, nicolae_alphabet_shops
D:6:      layout_basic, minmay_temple_entry_glass, serial_undead,
          serial_undead_f, serial_undead_e, serial_undead_b, serial_undead_c,
          st_stairs_3, minmay_misc_feat_doors, pf_guarded_unrand_woodcutter
D:7:      layout_layer_cave, grunt_temple_overflow_lords_of_destruction
D:8:      minmay_the_grid_triangle_9x9_rhombus_thin
          [minmay_the_grid_triangle_9x9_cache,
          minmay_the_grid_triangle_9x9_prize_top_heavy,
          minmay_the_grid_triangle_9x9_intruding_spiral,
          minmay_the_grid_triangle_9x9_corrupted_corridor], layout_cave_pods,
          lemuel_doored_altar, nicolae_looking_at_the_future, uniq_maggie
D:9:      lemuel_ogre_cave, layout_small_grid, uniq_erica
D:10:     minmay_shrinking_squares, layout_cave_pools, enter_bailey_1
D:11:     layout_roguey, zombieorc2_lemuel
D:12:     layout_basic, serial_shops, bzr_entry_lakeside
D:13:     layout_roguey, lightli_vaults_fourway_checkpoint,
          grunt_dithmenos_smoke_and_mirrors
D:14:     layout_cave_pools, hangedman_decor_riveting, uniq_frances
D:15:     hangedman_depths_entry_civil_slaughter, layout_cross,
          gauntlet_entry_generic, serial_shops, nicolae_shop_waterfront
Temple:   eino_temple_scatter_basement
Lair:1:   layout_roguey, uniq_gastronok
Lair:2:   layout_cave_pods, dummy_spider_entry, lemuel_centaur_altar
Lair:3:   layout_small_grid, minmay_swamp_entry_swarm,
          ebering_ghost_inner_flame, nicolae_lair_liquid_snakes
Lair:4:   nzn_winding_woodlands_small [nzn_winding_woodlands_5x15_twine,
          nzn_winding_woodlands_center_pierced_h,
          nzn_winding_woodlands_5x15_pathside_ponds], layout_regular_city,
          ebering_ghost_reflecting_pool, uniq_nessos
Lair:5:   layout_small_grid, slime_altar_1, chequers_serial_rivers_room_b,
          serial_bayou_pond_d, lemuel_fruit_tree, grunt_megastairs_3
Lair:6:   minmay_lair_end_frog_pond, layout_gridlike,
          hellmonk_guarded_unrand_seven_league_boots
Swamp:1:  layout_basic_swamp, nicolae_swamp_big_swirl
Swamp:2:  layout_basic_swamp, evilmike_swamp_ruin_house_6
Spider:1: layout_spider_delve, uniq_agnes
Spider:2: layout_spider_delve, gammafunk_ghost_tricky_traps, uniq_kirke,
          uniq_asterion
Spider:3: layout_spider_delve
Spider:4: spider_rune_water
Orc:1:    layout_diamond_mine, portal_ice_cave_entry_ice_simulacra,
          serial_shops, nicolae_shop_statue_plus, nicolae_orc_flooded_monolith,
          mines4_lemuel
Orc:2:    grunt_orc_tribal_feast, layout_diamond_mine, uniq_urug, uniq_rupert
Vaults:1: v_misc_24, v_misc_2, grunt_vaults_diagonal,
          nicolae_vaults_little_squares_2, hangedman_vaults_maws,
          hangedman_vaults_corner_blocks, v_rooms_1, vaults_mumra_minichess,
          nicolae_vaults_mini_display_case, nicolae_vaults_theta,
          nicolae_vaults_specimen_jars, vaults_room_semicircle,
          layout_vaults_omnibox, serial_shops, shop_statue
Vaults:2: hangedman_vaults_pinch, hangedman_vaults_corner,
          nicolae_vaults_circle_grid_a, grunt_vaults_swirl, v_misc_29,
          hangedman_vaults_snaps, hangedman_vaults_stretched_pinwheel,
          vaults_mumra_hexcomb, v_alt_pattern_3, vaults_room_grid,
          ontoclasm_vaults_gallery, vaults_room_door_ring, v_misc_22, v_misc_25,
          vaults_dpeg_doors, layout_vaults_maze, serial_shops,
          nicolae_shop_advertising_works [nicolae_subvault_shop_adworks]
Vaults:3: vaults_room_door_hall, hangedman_vaults_stitches,
          grunt_vaults_bifocal, dpeg_vaults_monster_row, vaults_room_fours,
          minmay_crypt_entry_nasty_monster, vaults_mumra_chevron_long,
          nicolae_vaults_border_crossing, nicolae_vaults_little_squares_3,
          vaults_room_pools, v_alt_pattern_3, layout_vaults_ring, serial_shops,
          nicolae_shop_bloodbath_and_beyond
Vaults:4: v_rooms_3, nicolae_vaults_little_squares_3, v_alt_pattern_6,
          vaults_mumra_hex, nicolae_vaults_triangles,
          hangedman_vaults_hard_town_square, ontoclasm_vaults_shuriken,
          ontoclasm_vaults_fault, nicolae_vaults_sealed_display,
          nicolae_vaults_asterisk, layout_vaults_omnigrid
Vaults:5

Skill      XL: |  1  2  3  4  5  6  7  8  9 10 11 12 13 14 15 16 17 18 19 20 21 22 |
---------------+-------------------------------------------------------------------+-----
Axes           | 2 3 4 5 7 8 9 10 11 12 13 15 16 | 16.5
Shields        | 3 4 5 6 8 9 10 11 12 13 14 15 | 15.3
Fighting       | 3 4 5 6 7 8 9 10 11 12 13 14 | 14.1
Spellcasting   | 1 2 3 4 |  4.7
Dodging        | 1 2 3 4 6 7 8 |  8.7
Armour         | 3 4 5 6 7 9 10 11 12 13 14 15 | 15.6
Evocations     | 2 3 4 5 6 7 8 |  8.7
Throwing       | 1 3 4 |  4.0
Invocations    | 1 3 5 6 7 9 10 11 12 13 14 | 14.5

Action                   |  1- 3 |  4- 6 |  7- 9 | 10-12 | 13-15 | 16-18 | 19-21 | 22-24 || total
-------------------------+-------+-------+-------+-------+-------+-------+-------+-------++-------
Melee: War axe           |    55 |   104 |   297 |   159 |       |   952 |  1202 |   131 ||  2900
       Bite              |    13 |    22 |    94 |   145 |   409 |   501 |   605 |    66 ||  1855
       Hand axe          |       |       |       |   143 |       |     5 |       |       ||   148
       Morningstar       |       |       |       |   163 |  1100 |   329 |       |       ||  1592
Throw: Throwing net      |       |       |     2 |       |       |       |       |       ||     2
       Dart              |       |       |     6 |    11 |     2 |     9 |       |       ||    28
       Boomerang         |       |       |       |    10 |    35 |    45 |    21 |       ||   111
       Javelin           |       |       |       |       |       |    10 |    10 |       ||    20
Invok: Channel Magic     |       |       |       |     3 |     2 |     4 |     1 |     3 ||    13
Evoke: Wand              |       |       |     2 |    15 |     8 |    18 |     5 |       ||    48
       Tin of tremorston |       |       |       |       |       |     2 |     4 |       ||     6
       Phial of floods   |       |       |       |       |       |     1 |       |       ||     1
  Use: Scroll            |     7 |     2 |     6 |     5 |     9 |    18 |     5 |     3 ||    55
       Potion            |       |       |       |     1 |       |    11 |     4 |     2 ||    18
 Stab: Held in net/web   |       |       |     1 |       |       |       |       |       ||     1
       Paralysed         |       |       |       |       |     8 |    16 |       |       ||    24
       Distracted        |       |       |       |       |       |     1 |       |       ||     1
       Invisible         |       |       |       |       |       |    12 |       |       ||    12
Armor: Scale mail        |    22 |    43 |     7 |    45 |       |       |       |       ||   117
       Chain mail        |       |     5 |   128 |       |       |       |       |       ||   133
       Plate armour      |       |       |       |   207 |   772 |   825 |   645 |    90 ||  2539
Dodge: Dodged            |    13 |    24 |    99 |   190 |   741 |   627 |   545 |   102 ||  2341
Block: Buckler           |    25 |    64 |   162 |   104 |  1019 |  1130 |   527 |       ||  3031
       Reflection        |     3 |     6 |     2 |    11 |    25 |    36 |    62 |       ||   145
       Kite shield       |       |       |       |   291 |       |       |   607 |   167 ||  1065

Table legend: (Time is in decaauts)
 A = Elapsed time spent in this place.
 B = Non-inter-level travel time spent in this place.
 C = Inter-level travel time spent in this place.
 D = Time resting spent in this place.
 E = Time spent auto-exploring this place.
 F = Levels seen in this place.
 G = Mean time per level.
                   A        B        C        D        E       F      G
               +--------+--------+--------+--------+--------+-----+--------+
         Total |  40600 |  38972 |   1628 |  10163 |  18897 |  38 | 1068.4 |
       Dungeon |  14439 |  13576 |    863 |   1944 |   8082 |  15 |  962.6 |
        Temple |     44 |     33 |     11 |      0 |     27 |   1 |   44.0 |
          Lair |   8041 |   7677 |    364 |   1828 |   4013 |   6 | 1340.2 |
         Swamp |    796 |    734 |     62 |      0 |    580 |   2 |  398.0 |
   Spider Nest |   7327 |   7219 |    108 |   4473 |   1306 |   4 | 1831.8 |
  Orcish Mines |   1618 |   1519 |     99 |    200 |    720 |   2 |  809.0 |
        Vaults |   6586 |   6468 |    118 |   1617 |   3456 |   5 | 1317.2 |
        Bailey |    476 |    476 |      0 |    100 |    147 |   1 |  476.0 |
      Ice Cave |    840 |    840 |      0 |      0 |    399 |   1 |  840.0 |
      Gauntlet |    429 |    429 |      0 |      0 |    165 |   1 |  429.0 |
               +--------+--------+--------+--------+--------+-----+--------+

Top non-repeatable levels by time:
Spider:1: 2309 daAuts
Vaults:4: 2227 daAuts
Spider:3: 2225 daAuts
  Lair:4: 1895 daAuts
Vaults:1: 1835 daAuts
     D:9: 1510 daAuts
Spider:4: 1476 daAuts
     D:8: 1466 daAuts
  Lair:5: 1450 daAuts
Vaults:3: 1371 daAuts
  Lair:2: 1354 daAuts
Spider:2: 1315 daAuts
  Lair:6: 1287 daAuts
  Lair:3: 1264 daAuts
     D:7: 1128 daAuts
